 Dungeon Crawl Stone Soup version 0.21-a0-538-gd16b88a (webtiles) character file.

8468 Belfein the Carver (level 11, -10/82 HPs)
             Began as a Purple Draconian Monk on Dec 16, 2017.
             Was a High Priest of Okawaru.
             Mangled by a yak (18 damage)
             ... on level 10 of the Dungeon.
             The game lasted 00:20:18 (11161 turns).

Belfein the Carver (Purple Draconian Monk)         Turns: 11161, Time: 00:20:18

Health: -10/82     AC: 15    Str: 14    XL:     11   Next: 10%
Magic:  12/14      EV: 17    Int: 10    God:    Okawaru [*****.]
Gold:   273        SH:  8    Dex: 17    Spells: 10/10 levels left

rFire    + . .     SeeInvis .   N - +4 falchion (holy)
rCold    + . .     Gourm    .   z - +0 buckler
rNeg     . . .     Faith    .   (armour unavailable)
rPois    .         Spirit   .   (helmet restricted)
rElec    .         Reflect  .   M - scarf {rC+ rF+}
rCorr    .         Harm     .   y - +2 pair of gloves
MR       ++...                  k - +1 pair of boots
Stlth    ++++......             s - amulet of rage
HPRegen  0.23/turn              v - +3 ring of protection
MPRegen  0.14/turn              h - ring of protection from magic

@: heroism
A: breathe power, unfitting armour, cold-blooded, AC +7
a: Breathe Dispelling Energy, Heroism, Finesse, Renounce Religion, Evoke Berserk
Rage


You were on level 10 of the Dungeon.
You worshipped Okawaru.
Okawaru was extremely pleased with you.
You were very hungry.

You visited 2 branches of the dungeon, and saw 11 of its levels.

You collected 601 gold pieces.
You spent 328 gold pieces at shops.

Inventory:

Hand Weapons
 C - a +1 long sword of flaming
 N - a +4 falchion of holy wrath (weapon)
Armour
 g - a +0 large shield
 k - a +1 pair of boots (worn)
 y - a +2 pair of gloves (worn)
 z - a +0 buckler (worn)
 I - a +2 pair of gloves
 M - a scarf of resistance (worn)
Jewellery
 d - a +2 ring of intelligence
 h - a ring of protection from magic (right hand)
 o - an uncursed ring of resist corrosion {unknown}
 p - an uncursed ring of wizardry
 s - an amulet of rage (around neck)
 v - a +3 ring of protection (left hand)
 F - an uncursed amulet of harm {unknown}
 L - an uncursed ring of protection from magic
 O - an uncursed ring of protection from fire {unknown}
Wands
 B - a wand of flame (43)
 D - a wand of acid (14)
Scrolls
 a - 3 scrolls of amnesia
 c - 2 scrolls of enchant weapon
 f - a scroll of remove curse
 l - 6 scrolls of fog
 u - 2 scrolls of random uselessness
 G - 3 scrolls of identify
 J - 3 scrolls of blinking
 K - 2 scrolls of fear {unknown}
Potions
 e - a potion of resistance
 j - a potion of flight {unknown}
 m - 9 potions of heal wounds
 q - 4 potions of curing
 r - 2 potions of might {unknown}
 t - 3 potions of degeneration {unknown}
 w - a potion of lignification {unknown}
 x - 2 potions of haste {unknown}
 A - a potion of agility
 E - 3 potions of ambrosia {unknown}
Books
 i - a book of Flames

   Spells                             Type                      Level
   a - Flame Tongue                   Conjuration/Fire             1
   b - Throw Flame                    Conjuration/Fire             2
   c - Conjure Flame                  Conjuration/Fire             3
   d - Inner Flame                    Hexes/Fire                   3
   e - Sticky Flame                   Conjuration/Fire             4
   f - Fireball                       Conjuration/Fire             5
Comestibles
 b - 5 bread rations
 n - 2 royal jellies
 H - a meat ration


   Skills:
 - Level 3.2(8.2) Fighting
 - Level 14.0(19.0) Long Blades
 - Level 2.6(7.6) Dodging
 - Level 1.7(6.7) Stealth
 - Level 8.8(13.8) Shields
 * Level 4.0 Invocations


You had 10 spell levels left.
You didn't know any spells.

Dungeon Overview and Level Annotations

Branches:
Dungeon (10/15)            Temple (1/1) D:5            Lair (0/6) D:8
    Orc: D:9-12

Altars:
Ashenzari
Cheibriados
Dithmenos
Elyvilon
Fedhas
Gozag
Hepliaklqana
Kikubaaqudgha
Makhleb
Nemelex Xobeh
Okawaru
Qazlal
Ru
Sif Muna
Trog
Uskayaw
Vehumet
Wu Jian
Xom
Yredelemnul
Zin
The Shining One

Shops:
D:8 %%   D:9 *


Innate Abilities, Weirdness & Mutations

You can breathe bolts of dispelling energy.
Your rich purple scales are hard. (AC +7)
You cannot fit into any form of body armour.
You are cold-blooded and may be slowed by cold attacks.


Message History

Okawaru accepts your kill.
Your Invocations skill increases to level 4!
You hit the yak.
The yak is lightly wounded.
You block the yak's attack.
You slash the yak!
The yak is moderately wounded.
You hit the yak.
The yak is heavily wounded.
You block the yak's attack.
You hit the yak. You tail-slap the yak.
The yak is severely wounded.
The yak gores you!
* * * LOW HITPOINT WARNING * * *
You slash the yak!
The yak is almost dead.
You hit the yak but do no damage.
The yak is almost dead.
The yak gores you!!
You die...

#.......#
#.......#
#.......#
+.......#
.......
.... ##'#
#Y@# #.##
##'########
#.........#
#.........#
#.........#
#.........#
#.........#
#.........#


You could see a yak.

Vanquished Creatures
  A two-headed ogre (D:9)
  Pikel (D:5)
  Psyche (D:9)
  3 trolls (D:9)
  4 hippogriffs
  Sigmund (D:4)
  A spriggan (D:7)
  4 yaks (D:10)
  A hungry ghost (D:9)
  A steam dragon (D:9)
  2 water moccasins (D:9)
  Duvessa (D:5)
  3 ice beasts
  4 orc warriors
  4 slaves (D:5)
  2 black bears
  An eye of draining (D:8)
  7 ogres
  3 phantoms
  2 big kobolds
  Blork the orc (D:5)
  5 bullfrogs
  2 scorpions (D:8)
  Dowan (D:5)
  2 howler monkeys
  A jelly (D:8)
  6 crimson imps
  3 quasits
  A bullfrog zombie (D:8)
  7 hounds
  An orc priest (D:4)
  2 bullfrog skeletons
  2 centaur skeletons
  A gnoll shaman (D:5)
  7 orc wizards
  Crazy Yiuf (D:4)
  An iguana (D:9)
  10 worker ants
  A hound skeleton (D:5)
  7 gnolls
  11 adders
  A howler monkey skeleton (D:7)
  3 shadow imps
  2 adder zombies
  An adder skeleton (D:5)
  3 dart slugs
  5 leopard geckos
  14 orcs
  2 giant cockroaches
  5 goblins
  3 hobgoblins
  16 jackals
  3 quokkas
  7 bats
  4 frilled lizards
  3 jackal skeletons
  15 kobolds
  A leopard gecko zombie (D:5)
  2 quokka skeletons
  6 rats
216 creatures vanquished.

Vanquished Creatures (others)
  A kobold (D:9)
1 creature vanquished.

Grand Total: 217 creatures vanquished

Notes
Turn   | Place    | Note
-------+----------+-------------------------------------------
     0 | D:1      | Belfein the Draconian Monk began the quest for the Orb.
     0 | D:1      | Reached XP level 1. HP: 19/19 MP: 1/1
   146 | D:1      | Reached XP level 2. HP: 23/26 MP: 2/2
   663 | D:2      | Reached skill level 4 in Long Blades
   663 | D:2      | Reached XP level 3. HP: 19/31 MP: 3/3
   839 | D:2      | Found a sacrificial altar of Ru.
  1827 | D:3      | Reached XP level 4. HP: 37/38 MP: 4/4
  1890 | D:4      | Reached skill level 5 in Long Blades
  1931 | D:4      | Found a radiant altar of Vehumet.
  2074 | D:4      | Noticed Sigmund
  2091 | D:4      | Killed Sigmund
  2091 | D:4      | Reached skill level 6 in Long Blades
  2091 | D:4      | Reached XP level 5. HP: 45/45 MP: 5/5
  2091 | D:4      | Reached XP level 6. HP: 51/51 MP: 6/6
  2163 | D:4      | Reached skill level 7 in Long Blades
  2990 | D:4      | Found a runed door.
  3169 | D:4      | Noticed Crazy Yiuf
  3177 | D:4      | Killed Crazy Yiuf
  3238 | D:5      | Entered Level 5 of the Dungeon
  3238 | D:5      | Noticed Duvessa
  3238 | D:5      | Noticed an ice beast
  3937 | D:5      | Reached skill level 1 in Shields
  3937 | D:5      | Your scales start taking on a rich purple colour.
  3937 | D:5      | Reached XP level 7. HP: 55/57 MP: 7/7
  3946 | D:5      | Found an iron altar of Okawaru.
  3972 | D:5      | Noticed Pikel
  3995 | D:5      | Reached skill level 8 in Long Blades
  4180 | D:5      | Became a worshipper of Warmaster Okawaru
  4180 | D:5      | Reached * piety under Okawaru
  4180 | D:5      | Reached ** piety under Okawaru
  4204 | D:5      | Found a staircase to the Ecumenical Temple.
  4286 | Temple   | Entered the Ecumenical Temple
  4739 | D:5      | Killed Pikel
  4739 | D:5      | Reached *** piety under Okawaru
  4739 | D:5      | Reached skill level 9 in Long Blades
  4739 | D:5      | Reached XP level 8. HP: 20/63 MP: 5/8
  4883 | D:5      | Noticed Dowan
  4894 | D:5      | Noticed Blork the orc
  5276 | D:5      | Killed Dowan
  5276 | D:5      | Reached skill level 10 in Long Blades
  5303 | D:5      | Killed Duvessa
  5619 | D:5      | Killed Blork the orc
  6342 | D:6      | Reached skill level 5 in Shields
  6550 | D:6      | Reached XP level 9. HP: 64/70 MP: 6/9
  6753 | D:6      | Found a sparkling altar of Nemelex Xobeh.
  6754 | D:6      | Found an opulent altar of Gozag.
  6754 | D:6      | Found a glowing golden altar of the Shining One.
  6755 | D:6      | Found an ornate altar of the Wu Jian Council.
  6755 | D:6      | Found a shattered altar of Ashenzari.
  6920 | D:7      | Reached skill level 11 in Long Blades
  7341 | D:7      | Reached **** piety under Okawaru
  7766 | D:8      | Found Xosozeowyi's Food Emporium.
  7787 | D:8      | Reached skill level 12 in Long Blades
  7965 | D:8      | Found a staircase to the Lair.
  8098 | D:8      | Found Piujiwev's Food Shop.
  8156 | D:8      | Found a shadowy altar of Dithmenos.
  8167 | D:8      | Reached XP level 10. HP: 72/77 MP: 10/10
  8836 | D:9      | Reached skill level 13 in Long Blades
  9538 | D:9      | Noticed Psyche
  9558 | D:9      | Reached ***** piety under Okawaru
  9582 | D:9      | Killed Psyche
  9918 | D:9      | Found a white marble altar of Elyvilon.
 10014 | D:9      | Found Gyduif's General Store.
 10017 | D:9      | Bought a +4 falchion of holy wrath for 328 gold pieces
 10417 | D:9      | Noticed a two-headed ogre
 10432 | D:9      | Killed a two-headed ogre
 10432 | D:9      | Reached skill level 14 in Long Blades
 10582 | D:9      | Reached skill level 1 in Invocations
 10593 | D:9      | Reached XP level 11. HP: 50/82 MP: 10/12
 11066 | D:10     | Entered Level 10 of the Dungeon
 11161 | D:10     | Mangled by a yak

Vault maps used:
D:1:      onia_arrival_pyramid, grunt_decor_mini_mirrors, serial_bayou_ford_a,
          minmay_tromino_v7
D:2:      marbit_many_paths
D:3:      first_bread
D:4:      old_standard_altar, minivault_25, chequers_big_river,
          uniq_crazy_yiuf_cottage, uniq_sigmund
D:5:      minmay_temple_entry_overgrown, basic_altar, uniq_blork_the_orc,
          uniq_pikel, uniq_duvessa
D:6:      grunt_temple_overflow_open, grunt_decor_arrowhead
D:7:      the_bakery, dk_rats_in_the_wall
D:8:      grunt_dithmenos_shadows, lair_entry_dummy, serial_shops,
          nicolae_shop_window_shopping, kennysheep_little_box
D:9:      minmay_four_partial_circles, serial_shops, nicolae_shop_behind_doors,
          basic_altar, minmay_misc_feat_tiny, uniq_psyche
Temple:   dpeg_chambers_temple

Skill      XL: |  1  2  3  4  5  6  7  8  9 10 11 |
---------------+----------------------------------+-----
Long Blades    | 4 6 7 9 10 12 14 | 14.0
Shields        | 1 4 5 7 8 |  8.8
Invocations    | 2 4 |  4.0
Fighting       | |  3.2
Dodging        | |  2.6
Stealth        | |  1.7

Action                   |  1- 3 |  4- 6 |  7- 9 | 10-12 || total
-------------------------+-------+-------+-------+-------++-------
Melee: Falchion          |   113 |   110 |   234 |   131 ||   588
       Tailslap          |    10 |    12 |    94 |    48 ||   164
       Long sword        |       |       |   263 |   142 ||   405
Invok: Heroism           |       |       |    18 |    11 ||    29
       Finesse           |       |       |       |     1 ||     1
 Abil: Evoke Berserk Rag |       |     2 |     4 |     2 ||     8
       Breathe Dispellin |       |       |     5 |     1 ||     6
  Use: Scroll            |       |     1 |    11 |       ||    12
 Stab: Sleeping          |     1 |       |     4 |     1 ||     6
       Distracted        |       |       |     1 |       ||     1
  Eat: Chunk             |     1 |     5 |    13 |     7 ||    26
       Bread ration      |       |     1 |     1 |     1 ||     3
       Royal jelly       |       |       |     1 |       ||     1
Armor: Skin              |    53 |    49 |   173 |    83 ||   358
Dodge: Dodged            |    86 |    94 |   234 |   145 ||   559
Block: Buckler           |       |     3 |   103 |    80 ||   186
       Rpst.: Falchion   |    28 |    37 |    26 |    15 ||   106
       Long sword        |       |       |    47 |    14 ||    61

Table legend:
 A = Spawn XP
 B = Non-spawn XP
 C = Spawn XP percentage of total XP
 D = Spawn monster count
 E = Non-spawn monster count
 F = Spawn count percentage of total count
 G = Total turns spent on level
                    A         B        C        D         E        F      G
               +---------+---------+-------+---------+---------+-------+---------
         Total |       0 |   12098 |   0.0 |       0 |     212 |   0.0 | 11161
               +---------+---------+-------+---------+---------+-------+---------
           D:1 |       0 |      24 |   0.0 |       0 |      14 |   0.0 |   597
           D:2 |       0 |      61 |   0.0 |       0 |      22 |   0.0 |   788
           D:3 |       0 |      16 |   0.0 |       0 |      11 |   0.0 |   474
           D:4 |       0 |     636 |   0.0 |       0 |      23 |   0.0 |  2295
           D:5 |       0 |    1746 |   0.0 |       0 |      27 |   0.0 |  1784
           D:6 |       0 |     471 |   0.0 |       0 |      15 |   0.0 |   555
           D:7 |       0 |    1439 |   0.0 |       0 |      29 |   0.0 |   890
           D:8 |       0 |    1746 |   0.0 |       0 |      19 |   0.0 |   781
           D:9 |       0 |    4886 |   0.0 |       0 |      47 |   0.0 |  2519
          D:10 |       0 |    1073 |   0.0 |       0 |       5 |   0.0 |    95
               +---------+---------+-------+---------+---------+-------+---------
